 Dungeon Crawl Stone Soup version 0.15-a0-171-ge5ebe08 (webtiles) character file.

211 PolkaDot the Vexing (level 4, -2/30 HPs)
             Began as a Vampire Enchanter on Apr 18, 2014.
             Slain by a giant mite (3 damage)
             ... on Level 3 of the Dungeon.
             The game lasted 00:08:53 (2059 turns).

PolkaDot the Vexing (Vampire Enchanter)             Turns: 2059, Time: 00:08:53

HP  -2/30        AC  3     Str  7      XL: 4   Next: 76%
MP   2/7         EV 12     Int 17      God:
Gold 90          SH  0     Dex 15      Spells:  3 memorised,  1 level left

rFire  . . .     SeeInvis +     g - -2 short sword (curse)
rCold  . . .     Clarity  .     b - +1 robe
rNeg   . . .     Conserve .     (no shield)
rPois  .         rCorr    .     (no helmet)
rElec  .         rRot     .     (no cloak)
SustAb . .       Spirit   .     (no gloves)
rMut   .         Warding  .     (no boots)
Saprov . . .     Stasis   .     (no amulet)
MR     .....                    (no ring)
                                (no ring)

@: regenerating quickly, lethally poisoned, not resistant to hostile
enchantments, quite stealthy
A: fangs 3, see invisible, unbreathing
a: no special abilities


You were on level 3 of the Dungeon.
You were very full.

You visited 1 branch of the dungeon, and saw 3 of its levels.

You collected 90 gold pieces.

Inventory:

Hand weapons
 a - a +1,+1 dagger
 e - a +2,+1 dagger of flaming
 g - a cursed -2,-2 short sword (weapon)
Missiles
 d - 12 darts (quivered)
Armour
 b - a +1 robe (worn)
Magical devices
 j - a wand of frost (19)
Scrolls
 i - 4 scrolls of blinking
Potions
 f - a potion of mutation {!q}
 h - a potion of flight
 k - a potion of poison {unknown}
 l - a potion of haste
Books
 c - a book of Maledictions

   Spells                             Type                      Level
   *Corona                            Hexes                        1
   Sure Blade                         Hexes/Charms                 2
   *Ensorcelled Hibernation           Hexes/Ice                    2
   *Confuse                           Hexes                        3
   Dazzling Spray                     Conjuration/Hexes            3
   Enslavement                        Hexes                        4


   Skills:
 + Level 2.5 Short Blades
 - Level 0.7 Throwing
 - Level 2.1 Dodging
 + Level 4.9 Stealth
 - Level 2.0 Spellcasting
 * Level 6.4 Hexes


You had one spell level left.
You knew the following spells:

 Your Spells              Type           Power        Failure   Level  Hunger
a - Corona                Hex            ###....      1%          1    #......
c - Confuse               Hex            ###.....     6%          3    ####...
d - Ensorcelled Hibernat  Hex/Ice        ##....       10%         2    ###....


Dungeon Overview and Level Annotations

Branches:
Dungeon (3/15)

Altars:
Kikubaaqudgha
Xom

Annotations:
D:3 Terence


Innate Abilities, Weirdness & Mutations

Your natural rate of healing is unusually fast.
You have razor-sharp teeth.*
You have supernaturally acute eyesight.
You can survive without breathing.*


Message History

Terence looks drowsy...
* * * LOW MAGIC WARNING * * *
There is an open door here.
The helpless Terence fails to defend himself.
You puncture Terence!
Terence is severely wounded.
You hear the slow rusting of a drain, a long way away.
Terence closely misses you.
You hit Terence but do no damage.
Terence is severely wounded.
Terence hits you with a trident! The giant mite bites you.
You are poisoned.
The giant mite poisons you!
You feel sick.
Terence hits you from afar with a trident!
* * * LOW HITPOINT WARNING * * *
You closely miss the giant mite.
* * * LOW HITPOINT WARNING * * *
You feel sick. The giant mite bites you.
You die...

........#
.........#
..........#
..>.......#
..%.......#
#..........+
#$......@..#
########s###
###@# #...#
####.######
#.........#
#.........#
#.........#
#.........#
#.........#
##.........######


You could see Terence and a giant mite.

Vanquished Creatures
  Ijyb (D:3)
  4 adders (D:2)
  An inept feature mimic (D:2)
  A giant gecko (D:1)
  8 bats
  2 bat skeletons (D:2)
  3 bat zombies (D:2)
  2 giant cockroaches
  6 goblins
  11 hobgoblins
  3 jackals (D:1)
  2 ball pythons (D:2)
  2 giant newts (D:2)
  6 kobolds
  2 quokkas (D:2)
  6 rats
60 creatures vanquished.

Notes
Turn   | Place    | Note
--------------------------------------------------------------
     0 | D:1      | PolkaDot, the Vampire Enchanter, began the quest for the Orb.
     0 | D:1      | Reached XP level 1. HP: 13/13 MP: 3/3
   284 | D:1      | Reached XP level 2. HP: 8/19 MP: 4/4
   350 | D:1      | Reached skill level 5 in Hexes
  1038 | D:1      | Reached XP level 3. HP: 21/24 MP: 6/6
  1133 | D:2      | Learned a level 3 spell: Confuse
  1136 | D:2      | Learned a level 2 spell: Ensorcelled Hibernation
  1261 | D:2      | Reached skill level 6 in Hexes
  1384 | D:2      | Reached XP level 4. HP: 21/30 MP: 2/7
  1822 | D:2      | Found an ancient bone altar of Kikubaaqudgha.
  1969 | D:3      | Found a shimmering altar of Xom.
  1970 | D:3      | Noticed Ijyb
  2004 | D:3      | Killed Ijyb
  2048 | D:3      | Noticed Terence
  2059 | D:3      | HP: 1/30 [poisoned by a giant mite]
  2059 | D:3      | Slain by a giant mite

Action                   |  1- 3 |  4- 6 || total
-------------------------+-------+-------++-------
Melee: Dagger            |    34 |       ||    34
       Short sword       |   222 |    98 ||   320
 Cast: Corona            |    10 |       ||    10
       Ensorcelled Hiber |     4 |     6 ||    10
       Confuse           |       |     1 ||     1
Evoke: Wand              |       |     1 ||     1
  Use: Scroll            |     6 |     2 ||     8
       Potion            |     3 |       ||     3
 Stab: Sleeping          |     8 |     7 ||    15
